 Dungeon Crawl Stone Soup version 0.29.1-2-gbd0b4ee654 (webtiles) character file.

Game seed: 13770514775413803293

2502 qeuew the Spear-Bearer (level 9, 0/71 HPs)
             Began as a Merfolk Gladiator on Nov 10, 2022.
             Slain by a hornet (5 damage)
             ... on level 7 of the Dungeon.
             The game lasted 00:13:44 (7870 turns).

qeuew the Spear-Bearer (Merfolk Gladiator)          Turns: 7870, Time: 00:13:44

Health: 0/71       AC: 11    Str: 17    XL:     9   Next: 53%
Magic:  9/9        EV: 14    Int:  7    God:
Gold:   360        SH:  0    Dex: 15    Spells: 8/8 levels left

rFire   + . .      SeeInvis +   a - +0 trident
rCold   + . .      Faith    .   (no shield)
rNeg    . . .      Spirit   .   l - +4 ring mail
rPois   +          Reflect  .   c - +0 helmet
rElec   .          Harm     .   (no cloak)
rCorr   .          Rampage  .   (no gloves)
Will    .....                   (no boots)
Stlth   +.........              (no amulet)
HPRegen 0.21/turn               g - ring of protection from cold
MPRegen 0.11/turn               o - ring of see invisible

@: mighty, slowed, very slow
A: (nimble swimmer 2), mertail, fire resistance 1, poison resistance, weak 1
a: no special abilities


You were on level 7 of the Dungeon.
You visited 1 branch of the dungeon, and saw 7 of its levels.

You collected 360 gold pieces.

Inventory:

Hand Weapons
 a - a +0 trident (weapon)
Missiles
 e - a javelin (quivered)
Armour
 c - a +0 helmet (worn)
 l - a +4 ring mail (worn)
Jewellery
 g - a ring of protection from cold (left hand)
 o - a ring of see invisible (right hand)
Wands
 n - a wand of flame (17)
Scrolls
 b - a scroll of brand weapon
 f - 2 scrolls of silence
 q - 5 scrolls of teleportation
 r - a scroll of fear
 s - a scroll of identify
Potions
 h - a potion of might
 i - 5 potions of brilliance
 j - a potion of ambrosia
 p - a potion of magic


   Skills:
 + Level 6.4 Fighting
 + Level 8.4 Polearms
 + Level 5.9 Throwing
 + Level 4.1 Armour
 + Level 8.4 Dodging


You had 8 spell levels left.
You didn't know any spells.
Your spell library contained the following spells:

 Spells                   Type           Power      Damage    Failure   Level
 Sandblast                Erth           0%         2d4       63%         1
 Passwall                 Tmut/Erth      0%         N/A       77%         2
 Sublimation of Blood     Necr           0%         N/A       77%         2
 Wereblood                Tmut           0%         N/A       77%         2
 Stone Arrow              Conj/Erth      0%         3d7       94%         3
 Summon Hydra             Summ           0%         N/A       100%        7


Dungeon Overview and Level Annotations

Branches:
Dungeon (7/15)             Temple (0/1) D:7

Altars:
Cheibriados
Makhleb
Nemelex Xobeh
The Shining One

Shops:
D:4 =   D:6 *


Innate Abilities, Weirdness & Mutations

((You are very nimble when in or above water. (Stealth+, EV+, Speed+++)))
Your lower body shifts to a powerful aquatic tail in water.
Your flesh is heat resistant. (rF+)
Your system is resistant to poisons. (rPois)
You are weak. (Str -2)


Message History

The hornet stings you!
You feel better. The hornet stings you.
You feel very mighty all of a sudden. The hornet stings you.
The hornet closely misses you.
You hit the hornet.
The hornet is moderately wounded.
The hornet closely misses you.
You barely miss the hornet.
The hornet is moderately wounded.
The hornet stings you!
* * * LOW HITPOINT WARNING * * *
You are poisoned.
You feel much better.
You feel very sick. The hornet closely misses you. The hornet stings you!
You are more poisoned.
You hit the hornet but do no damage.
The hornet is moderately wounded.
You feel very sick. The hornet stings you.
You feel better. The hornet barely misses you.
The hornet stings you but does no damage.
You closely miss the hornet.
The hornet is moderately wounded.
The hornet stings you.
You barely miss the hornet.
The hornet is moderately wounded.
The hornet stings you!
* * * LOW HITPOINT WARNING * * *
You feel yourself slow down.
You hit the hornet but do no damage.
The hornet is moderately wounded.
The hornet stings you but does no damage.
The hornet misses you.
You closely miss the hornet.
The hornet is moderately wounded.
The hornet stings you!
* * * LOW HITPOINT WARNING * * *
The hornet stings you.
You die...

#.. ..#.(.#... .
#.# #.......#...#
#.. .# .⌠.>.⌠...#.#
#.. ..# ......#...#
#.. ...#.⌠.#....
#.. ####!........#
#..
......#y#.##.###
### #..@..##...## #
##.#........# #####
#...##.....####...#
#######.......#...#
#####.......'...'
...........)##...#
........)...##...#
........)...##...#
............##...#


You could see a hornet.

Vanquished Creatures
  A human (D:7)
  A wyvern (D:7)
  A yak (D:6)
  3 hogs
  An ice beast (D:6)
  2 sky beasts
  A black bear (D:6)
  A centaur (D:6)
  An ogre (D:6)
  2 scorpions
  5 wights (D:7)
  4 jellies
  An orc priest (D:3)
  2 hounds (D:4)
  7 iguanas
  An orc wizard (D:5)
  Natasha (thrice) (D:2)
  6 gnolls
  8 adders
  2 shadow imps
  A white imp (D:6)
  4 worms
  A dart slug (D:5)
  12 orcs
  5 ball pythons
  7 bats
  8 endoplasms
  A giant cockroach (D:3)
  4 hobgoblins
  2 jackals (D:2)
  2 kobolds (D:4)
  2 quokkas (D:1)
  3 frilled lizards
  5 goblins
  6 rats
116 creatures vanquished.

Vanquished Creatures (others)
  A fungus (D:4)
1 creature vanquished.

Grand Total: 117 creatures vanquished

Notes
Turn   | Place    | Note
-------+----------+-------------------------------------------
     0 | D:1      | qeuew the Merfolk Gladiator began the quest for the Orb.
     0 | D:1      | Reached XP level 1. HP: 16/16 MP: 1/1
   315 | D:1      | Reached XP level 2. HP: 23/23 MP: 2/2
   782 | D:2      | Noticed Natasha
   785 | D:2      | Killed Natasha
   786 | D:2      | Reached XP level 3. HP: 28/28 MP: 3/3
   880 | D:2      | Noticed Natasha
   887 | D:2      | Killed Natasha
   888 | D:2      | Reached skill level 1 in Armour
   888 | D:2      | Reached XP level 4. HP: 15/34 MP: 4/4
  1063 | D:2      | Found a faded altar of an unknown god.
  1181 | D:2      | Noticed Natasha
  1192 | D:2      | Killed Natasha
  1369 | D:2      | Reached XP level 5. HP: 41/41 MP: 5/5
  1915 | D:3      | Reached skill level 5 in Polearms
  1915 | D:3      | Reached skill level 5 in Dodging
  1926 | D:3      | Found a sparkling altar of Nemelex Xobeh.
  2487 | D:4      | Reached XP level 6. HP: 45/47 MP: 6/6
  3325 | D:4      | Found Efaojo's Jewellery Shoppe.
  3473 | D:4      | Found a burning altar of Makhleb.
  3742 | D:4      | Gained mutation: You are weak. (Str -2) [potion of
                  | mutation]
  3742 | D:4      | Gained mutation: Your system is resistant to poisons.
                  | (rPois) [potion of mutation]
  3742 | D:4      | Gained mutation: Your flesh is heat resistant. (rF+)
                  | [potion of mutation]
  3754 | D:5      | Entered Level 5 of the Dungeon
  3794 | D:5      | Reached XP level 7. HP: 38/54 MP: 7/7
  4717 | D:5      | Found a glowing golden altar of the Shining One.
  4991 | D:6      | Found Wepep's CLEARANCE SALE!.
  5176 | D:6      | Reached XP level 8. HP: 61/61 MP: 8/8
  5202 | D:6      | Found a snail-covered altar of Cheibriados.
  5623 | D:6      | Reached skill level 5 in Fighting
  6622 | D:7      | Noticed a yak
  6641 | D:7      | Reached skill level 5 in Throwing
  6662 | D:6      | Killed a yak
  6859 | D:6      | Reached XP level 9. HP: 50/69 MP: 9/9
  7844 | D:7      | Found a staircase to the Ecumenical Temple.
  7847 | D:7      | Noticed a hornet
  7870 | D:7      | Slain by a hornet

Illustrated notes

Levels and vault maps discovered:
D:1:      elethiomel_arrival_infinity_welcomes_careful_drivers, layout_rooms
D:2:      layout_basic, ebering_ecumenical_altar_box, uniq_natasha
D:3:      layout_rooms, nemelex_altar_shiori, corexii_leaking_fountain
D:4:      layout_loops_cross, makhleb_blood_cavern_becter, serial_shops,
          kennysheep_mini, reono_crystal_passage, dreamdust_gnoll_farm
D:5:      layout_rooms, nicolae_overflow_hidden_temple, roderic_lattice_a
D:6:      layout_gridville, cheibriados_altar_1, mrwooster_statue_mirror,
          nicolae_shop_clearance
D:7:      layout_basic, minmay_temple_entry_sparse_star, serial_curves,
          eino_curves_01, eino_curves_02, grunt_livestock,
          amcnicky_mini_pool_medium

Skill      XL: |  1  2  3  4  5  6  7  8  9 |
---------------+----------------------------+-----
Armour         | 1 2 3 4 |  4.1
Fighting       | 3 4 5 6 |  6.4
Polearms       | 5 6 7 8 |  8.4
Throwing       | 3 4 5 |  5.9
Dodging        | 5 6 7 8 |  8.4

Action                   |  1- 3 |  4- 6 |  7- 9 || total
-------------------------+-------+-------+-------++-------
Melee: Trident           |    69 |   224 |   334 ||   627
       Punch             |     2 |     1 |     8 ||    11
Throw: Throwing net      |       |       |     4 ||     4
  Use: Scroll            |     2 |     6 |     1 ||     9
       Potion            |     1 |    10 |     5 ||    16
 Stab: Sleeping          |     1 |     1 |       ||     2
       Held in net/web   |       |       |     4 ||     4
Armor: Leather armour    |    18 |     4 |       ||    22
       Ring mail         |       |    70 |   113 ||   183
Dodge: Dodged            |    41 |   130 |   174 ||   345
